 Dungeon Crawl Stone Soup version 0.30-a0-377-g5cb311bc9f (webtiles) character file.

Game seed: 5682726304918595655

2364 sanka the Nimble (level 9, -4/56 HPs)
             Began as an Octopode Cinder Acolyte on Nov 27, 2022.
             Was a High Priest of Ignis.
             Slain by a gnoll
             ... wielding a +0 spear
             ... led by a gnoll sergeant
              (10 damage)
             ... on level 7 of the Dungeon.
             The game lasted 00:12:05 (7207 turns).

sanka the Nimble (Octopode Cinder Acolyte)          Turns: 7207, Time: 00:12:05

Health: -4/56      AC:  1    Str: 13    XL:     9   Next: 44%
Magic:  10/13      EV: 20    Int: 21    God:    Ignis [*****.]
Gold:   327        SH:  5    Dex: 19    Spells: 12/14 levels left

rFire   + . .      SeeInvis +    b - +11 flail of Plunder {freeze, Int+2 Dex+4}
rCold   . . .      Faith    .    (no shield)
rNeg    . . .      Spirit   .    (helmet restricted)
rPois   .          Reflect  +    w - amulet of reflection
rElec   .          Harm     .    k - ring of see invisible
rCorr   .          Rampage  .    o - +6 ring of dexterity
Will    .....                    (no ring)
Stlth   +++.......               (no ring)
HPRegen 0.29/turn                (no ring)
MPRegen 0.13/turn                (no ring)
                                 (no ring)
                                 (no ring)

@: lethally poisoned (-4 -> -24)
A: almost no armour, amphibious, 8 rings, camouflage 1, gelatinous body 1,
(nimble swimmer 1), tentacles
a: Renounce Religion, Fiery Armour, Foxfire Swarm, Rising Flame


You were on level 7 of the Dungeon.
You worshipped Ignis.
Ignis was extremely pleased with you.
You visited 1 branch of the dungeon, and saw 7 of its levels.

You collected 327 gold pieces.


Innate Abilities, Weirdness & Mutations

You cannot wear most types of armour.
You are amphibious.
You can wear up to eight rings at the same time.
Your skin changes colour to match your surroundings (Stealth+).
Your rubbery body absorbs attacks. (AC +1, EV +1)
((You are camouflaged when in or above water. (Stealth+)))
You have tentacles for arms and can constrict up to eight enemies at once.


   Skills:
 - Level 3.0 Fighting
 + Level 10.7 Dodging
 - Level 3.0 Unarmed Combat
 - Level 3.0 Spellcasting
 - Level 6.0 Fire Magic


You had 12 spell levels left.
You knew the following spells:

 Your Spells              Type           Power      Damage    Failure   Level
y - Scorch                Fire           56%        2d8       1%          2

Your spell library contained the following spells:

 Spells                   Type           Power      Damage    Failure   Level
 Sting                    Tmut/Pois      12%        1d3       13%         1
 Poisonous Vapours        Pois/Air       6%         N/A       21%         2
 Hailstorm                Conj/Ice       3%         3d3       36%         3
 Tukima's Dance           Hex            3%         N/A       36%         3
 Ice Form                 Ice/Tmut       3%         N/A       78%         4
 Olgreb's Toxic Radiance  Pois           3%         N/A       78%         4
 Passage of Golubria      Tloc           3%         N/A       78%         4
 Blade Hands              Tmut           1%         N/A       98%         5
 Yara's Violent Unravell  Hex/Tmut       1%         3d3       98%         5
 Iron Shot                Conj/Erth      1%         9d1       100%        6
 Simulacrum               Ice/Necr       1%         N/A       100%        6
 Animate Armour           Summ/Erth      Unusable   N/A       N/A         4

Inventory:

Hand Weapons
 a - the +7 dagger "Raebugoi" {venom, rElec rF+}

   It poisons the flesh of those it strikes.
   rF:        It protects you from fire.
   rElec:     It insulates you from electricity.
 b - the +11 flail of Plunder (weapon) {freeze, Int+2 Dex+4}

   It freezes those it strikes, dealing additional cold damage.
   It can also slow down cold-blooded creatures.
   Int:       It affects your intelligence (+2).
   Dex:       It affects your dexterity (+4).
 B - a +2 lajatang of pain
 C - a +5 dire flail
Missiles
 t - 2 throwing nets {=f}
Armour
 r - the +0 buckler of Focus {rC++ rCorr} rC: It greatly protects you from cold. rCorr: It protects you from acid and corrosion.
Jewellery
 k - a ring of see invisible (left tentacle)
 o - a +6 ring of dexterity (right tentacle)
 w - an amulet of reflection (around mantle)
Wands
 p - a wand of charming (17)
 v - a wand of polymorph (7)
Scrolls
 d - 3 scrolls of amnesia
 h - 3 scrolls of teleportation {@r4}
 i - a scroll of poison {!r}
 m - a scroll of immolation {!r}
 s - a scroll of noise {!r}
 u - 3 scrolls of fear
 x - a scroll of vulnerability {!r}
 A - 2 scrolls of identify {@r1}
Potions
 c - 3 potions of flight {unknown}
 e - 4 potions of haste {@q3}
 f - 5 potions of curing {@q1}
 g - a potion of berserk rage {unknown}
 j - a potion of lignification {unknown}
 l - 3 potions of brilliance {unknown}
 n - 2 potions of degeneration {unknown}
 q - a potion of ambrosia
 y - a potion of mutation {unknown}
 z - a potion of invisibility {unknown}

Dungeon Overview and Level Annotations

Branches:
Dungeon (7/15)             Temple (0/1) D:7

Altars:
Ashenzari
Dithmenos
Elyvilon
Gozag
Sif Muna
Xom

Annotations:
D:4 1 runed translucent door, Crazy Yiuf
D:6 2 transporters, Haldmier's ghost, weakling AtDe

.........▒▒..▒▒ .
.........▒▒▒.........▒
...........▒.▒▒▒.....
...........▒........▒▒▒▒
..▒▒▒▒.▒......▒▒.......▒
...▒▒▒▒.................
....▒▒▒.................
..)..▒..........).......
...<............x.g....▒
.............?....g.....
..............▒▒▒.▒..... ...
[.............▒▒▒.▒.........
....
...............▒....▒.▒▒...
..... ......▒'▒▒.....▒....▒
▒.... .....
.▒...▒...▒.......▒▒.▒
...▒▒.....
.....▒...▒.......▒▒.▒▒
.........
..▒▒▒....▒▒.▒........▒▒▒▒....▒
..


You could see 2 gnolls.


Message History

You are poisoned.
You sock the gnoll sergeant! You freeze the gnoll sergeant.
Your grab misses the gnoll sergeant.
The gnoll sergeant is severely wounded.
You feel extremely sick. The gnoll sergeant barely misses you.
The gnoll barely misses you.
Unknown command.
The gnoll sergeant blocks your attack.
You grab the gnoll sergeant. The gnoll sergeant blocks your attack.
The gnoll sergeant is severely wounded.
You feel very sick.
The gnoll sergeant is no longer more vulnerable to fire.
You block the gnoll's attack. You block the gnoll's attack.
The gnoll sergeant completely misses you.
The gnoll completely misses you. The gnoll closely misses you.
The gnoll sergeant hits you with a +2 spear of venom!
* * * LOW HITPOINT WARNING * * *
You are lethally poisoned!
You sock the gnoll sergeant! You freeze the gnoll sergeant.
You kill the gnoll sergeant!
* * * LOW HITPOINT WARNING * * *
You feel extremely sick.
The gnoll hits you from afar with a +0 spear!
You die...

Action                   |  1- 3 |  4- 6 |  7- 9 || total
-------------------------+-------+-------+-------++-------
Melee: Unarmed           |    68 |       |       ||    68
       Tentacles         |    13 |    15 |    18 ||    46
       Constrict         |    16 |    15 |    16 ||    47
       Dagger            |       |    61 |    34 ||    95
       Punch             |       |     3 |     2 ||     5
       Lajatang          |       |       |     8 ||     8
       Flail             |       |       |    37 ||    37
 Cast: Scorch            |    12 |    29 |    81 ||   122
  Use: Scroll            |       |       |     8 ||     8
       Potion            |       |       |     1 ||     1
 Stab: Sleeping          |     4 |     3 |     1 ||     8
Armor: Skin              |     8 |     4 |     4 ||    16
Dodge: Dodged            |    51 |    32 |    83 ||   166
Block: Other             |       |       |    20 ||    20
       Reflection        |       |       |     1 ||     1

Levels and vault maps discovered:
D:1:      psy_arrival_dodecagon, layout_basic
D:2:      layout_loops_ring
D:3:      layout_basic, kennysheep_orc_sif_temple, minmay_misc_feat_cross,
          chequers_serial_rivers_micro_c
D:4:      layout_rooms, mainiacjoe_overflow_small_starburst,
          uniq_crazy_yiuf_cottage
D:5:      layout_basic, mainiacjoe_overflow_six_doors_small,
          overflow_temple_1_default
D:6:      layout_cave_pools, nicolae_dithmenos_through_a_glass_darkly,
          gammafunk_ghost_hive, grunt_ministairs_4, kennysheep_generic_room_13
D:7:      layout_cave_pools, marbit_many_paths, evilmike_ruin_ashenzari,
          minmay_temple_entry_arrows

Notes
Turn   | Place    | Note
-------+----------+-------------------------------------------
     0 | D:1      | sanka the Octopode Cinder Acolyte began the quest for the
                  | Orb.
     0 | D:1      | Reached XP level 1. HP: 16/16 MP: 2/2
   166 | D:1      | Reached XP level 2. HP: 21/21 MP: 4/4
   169 | D:1      | Learned a level 2 spell: Scorch
   438 | D:1      | Reached XP level 3. HP: 23/26 MP: 0/5
   552 | D:1      | Reached skill level 2 in Spellcasting
  1854 | D:3      | Reached XP level 4. HP: 31/31 MP: 7/7
  1884 | D:3      | Identified the +7 dagger "Raebugoi" {venom, rElec rF+}
  1963 | D:3      | Reached skill level 4 in Fire Magic
  2244 | D:3      | Found a shimmering blue altar of Sif Muna.
  2803 | D:4      | Reached skill level 3 in Spellcasting
  2803 | D:4      | Reached XP level 5. HP: 31/36 MP: 4/9
  2980 | D:4      | Reached skill level 5 in Fire Magic
  3035 | D:4      | Found a white marble altar of Elyvilon.
  3039 | D:4      | Noticed a phantom
  3059 | D:4      | Killed a phantom
  3060 | D:4      | Reached XP level 6. HP: 42/42 MP: 3/10
  3149 | D:4      | Reached skill level 6 in Fire Magic
  3197 | D:4      | Reached skill level 1 in Dodging
  3389 | D:4      | Found a runed translucent door.
  3390 | D:4      | Noticed Crazy Yiuf
  3486 | D:4      | Identified the +0 buckler of Focus {rC++ rCorr}
  3676 | D:5      | Entered Level 5 of the Dungeon
  3696 | D:5      | Reached skill level 2 in Dodging
  3874 | D:5      | Reached skill level 3 in Dodging
  3875 | D:5      | Reached XP level 7. HP: 42/46 MP: 2/11
  4034 | D:5      | Reached skill level 4 in Dodging
  4130 | D:5      | Found an opulent altar of Gozag.
  4258 | D:5      | Reached skill level 5 in Dodging
  4643 | D:5      | Identified a +1 robe of the Archmagi
  4654 | D:5      | Reached skill level 6 in Dodging
  4720 | D:5      | Found a shimmering altar of Xom.
  4850 | D:5      | Reached XP level 8. HP: 42/52 MP: 9/12
  5070 | D:6      | Reached skill level 7 in Dodging
  5188 | D:6      | Noticed a hornet
  5195 | D:6      | Found a transporter.
  5200 | D:6      | Found a transporter.
  5202 | D:6      | Noticed Haldmier's ghost (weakling AtDe)
  5488 | D:6      | Reached skill level 8 in Dodging
  5639 | D:6      | Reached skill level 9 in Dodging
  5751 | D:6      | Identified the +11 flail of Plunder {freeze, Int+2 Dex+4}
  5811 | D:6      | Found a shadowy altar of Dithmenos.
  6014 | D:7      | Reached XP level 9. HP: 56/56 MP: 6/13
  6418 | D:7      | Found a broken altar of Ashenzari.
  6459 | D:7      | Reached skill level 10 in Dodging
  6501 | D:7      | HP: 5/56 [poisoned by a gnoll sergeant]
  6812 | D:7      | Found a staircase to the Ecumenical Temple.
  7207 | D:7      | Slain by a gnoll

Vanquished Creatures
  2 sky beasts
  2 orc warriors
  2 ice beasts
  A black bear (D:6)
  4 ogres
  3 phantoms
  A gnoll sergeant (D:7)
  A bullfrog (D:6)
  2 necrophages
  3 wights (D:6)
  A jelly (D:6)
  8 orc priests
  2 hounds
  3 iguanas
  3 orc wizards
  16 gnolls
  6 adders
  2 white imps
  An ufetubus (D:5)
  3 worms
  8 dart slugs
  17 orcs
  3 ball pythons
  9 endoplasms
  A giant cockroach (D:1)
  5 goblins
  8 hobgoblins
  7 kobolds
  4 quokkas
  7 bats
  A frilled lizard (D:2)
  3 rats
139 creatures vanquished.
